 Dungeon Crawl Stone Soup version 0.25-a0-404-gc1b5a34292 (webtiles) character file.

Game seed: 3200175337265042488, levelgen mode: deterministic

6412 Mgcat the Grappler (level 10, 0/76 HPs)
             Began as a Gnoll Transmuter on Nov 11, 2019.
             Was an Initiate of Gozag.
             Slain by a warg (3 damage)
             ... on level 8 of the Dungeon on Jan 10, 2020.
             The game lasted 00:22:46 (10514 turns).

Mgcat the Grappler (Gnoll Transmuter)              Turns: 10514, Time: 00:22:46

Health: 0/76       AC: 22    Str: 16    XL:     10   Next: 98%
Magic:  21/21      EV: 10    Int: 16    God:    Gozag
Gold:   762        SH:  0    Dex: 15    Spells: 14/24 levels left

rFire    . . .     SeeInvis .   y - +7 quarterstaff (chaos)
rCold    . . .     Gourm    .   (shield currently unavailable)
rNeg     . . .     Faith    .   t - +0 plate armour
rPois    +         Spirit   .   o - +2 helmet
rElec    .         Reflect  .   x - +2 cloak
rCorr    .         Harm     .   (no gloves)
MR       .....                  q - +2 pair of boots
Stlth    ..........             (no amulet)
HPRegen  0.22/turn              w - ring of poison resistance {rPois, !d}
MPRegen  0.17/turn              e - +2 ring of evasion

@: slowed, very slow
A: distributed training, fangs 1, strong nose
a: Potion Petition, Call Merchant, Bribe Branch, Renounce Religion


You were on level 8 of the Dungeon.
You worshipped Gozag.
Gozag was pleased with you.
You were not hungry.

You visited 1 branch of the dungeon, and saw 9 of its levels.
You also visited: Sewer.

You collected 1314 gold pieces.
You spent 492 gold pieces at shops.
You paid 60 gold pieces to Gozag.

Inventory:

Hand Weapons
 y - a +7 quarterstaff of chaos (weapon)
   (You took it off Crazy Yiuf on level 3 of the Dungeon)
Missiles
 a - 117 arrows
 c - 5 javelins (quivered)
 r - 10 boomerangs
Armour
 o - a +2 helmet (worn)
   (You took it off Robin on level 2 of the Dungeon)
 q - a +2 pair of boots (worn)
   (You found it on level 5 of the Dungeon)
 t - a +0 plate armour (worn)
   (You took it off an orc warrior on level 6 of the Dungeon)
 x - a +2 cloak (worn)
   (You took it off Crazy Yiuf on level 3 of the Dungeon)
Magical Staves
 p - an uncursed staff of power {MP+17, !a}
   (You found it on level 2 of the Dungeon)
Jewellery
 e - a +2 ring of evasion (right hand)
   (You found it on level 5 of the Dungeon)
 u - an uncursed ring of protection from cold {rC+, !d}
   (You found it on level 3 of the Dungeon)
 w - a ring of poison resistance (left hand) {rPois, !d}
   (You found it on level 6 of the Dungeon)
 J - a cursed amulet of inaccuracy {unknown}
   (You found it on level 8 of the Dungeon)
Wands
 g - a wand of iceblast (10)
   (You bought it in a shop on level 7 of the Dungeon)
 h - a wand of acid (4)
   (You took it off a crimson imp on level 5 of the Dungeon)
 E - a wand of digging (9)
   (You found it on level 7 of the Dungeon)
 G - a wand of polymorph (4)
   (You bought it in a shop on level 7 of the Dungeon)
Scrolls
 f - a scroll of magic mapping {!r}
 i - 3 scrolls of amnesia
 l - 3 scrolls of remove curse
 C - 3 scrolls of teleportation
 D - a scroll of enchant armour
 I - a scroll of fog
Potions
 b - a potion of lignification {unknown}
 d - a potion of heal wounds
 j - a potion of brilliance
 k - 2 potions of resistance
 m - 3 potions of might
 n - 6 potions of curing
 v - a potion of magic {unknown}
 z - a potion of agility {unknown}
 A - 2 potions of invisibility
 B - 3 potions of degeneration {!q}
 H - a potion of mutation {unknown}
 K - a potion of ambrosia {unknown}
Miscellaneous
 F - a box of beasts
Comestibles
 s - 13 rations


   Skills:
 + Level 6.3 Fighting
 + Level 5.6 Short Blades
 + Level 5.6 Long Blades
 + Level 5.6 Axes
 + Level 5.6 Maces & Flails
 + Level 5.6 Polearms
 + Level 5.6 Staves
 + Level 5.6 Slings
 + Level 5.6 Bows
 + Level 5.6 Crossbows
 + Level 5.6 Throwing
 + Level 5.6 Armour
 + Level 7.4 Dodging
 + Level 5.6 Stealth
 + Level 5.6 Shields
 + Level 8.8 Unarmed Combat
 + Level 7.6 Spellcasting
 + Level 4.7 Conjurations
 + Level 4.7 Hexes
 + Level 4.7 Charms
 + Level 4.7 Summonings
 + Level 4.7 Necromancy
 + Level 4.7 Translocations
 + Level 6.1 Transmutations
 + Level 4.7 Fire Magic
 + Level 4.7 Ice Magic
 + Level 4.7 Air Magic
 + Level 4.7 Earth Magic
 + Level 4.7 Poison Magic
 + Level 6.2 Invocations
 + Level 5.6 Evocations


You had 14 spell levels left.
You knew the following spells:

 Your Spells              Type           Power        Failure   Level  Hunger
a - Beastly Appendage     Tmut           ####..       41%         1    None
b - Sticks to Snakes      Tmut           ####....     56%         2    None
c - Spider Form           Tmut/Pois      ###.......   87%         3    ##.....
d - Ice Form              Ice/Tmut       ###.....     99%         4    ####...

Your spell library contained the following spells:

 Spells                   Type           Power        Failure   Level  Hunger
 Blade Hands              Tmut           ####......   100%        5    #####..


Dungeon Overview and Level Annotations

Branches:
Dungeon (9/15)             Temple (0/1) D:5           Sewer (visited)
   Lair: D:8-11         Orc: D:9-12

Altars:
Gozag
Makhleb
Nemelex Xobeh
Trog
Vehumet
The Shining One

Shops:
D:5 (   D:7 }

Annotations:
D:3 2 transporters, BryzzWind's ghost, amateur DrTm
D:4 2 runed translucent doors, psellion's ghost, novice TrHu
D:8 exclusion: 2 doors


Innate Abilities, Weirdness & Mutations

Your experience applies equally to all skills.
You have very sharp teeth.
Your uncanny sense of smell can sniff out nearby items.


Message History

You take 6 damage, and have 29/76 hp.
You sock the orc wizard! You freeze the orc wizard.
The orc wizard is almost dead.
The orc wizard barely misses you.
The hippogriff bites you but does no damage.
The hippogriff pecks you but does no damage.
The hippogriff completely misses you. Something bites you.
The orc wizard hits you with a +0 dagger.
* * * LOW HITPOINT WARNING * * *
Something bites you but does no damage. The hippogriff bites you!
* * * LOW HITPOINT WARNING * * *
The hippogriff pecks you but does no damage.
The hippogriff closely misses you.
You take 21 damage, and have 8/76 hp.
MASSIVE DAMAGE!!
Spoiler Alert: The hippogriff can hit for high damage in melee!
You feel much better. Something bites you but does no damage.
The orc wizard hits you but does no damage.
The hippogriff completely misses you. The hippogriff pecks you.
The hippogriff claws you. Something bites you but does no damage.
You regained 21 hp, and now have 29/76 hp.
You thump the orc wizard! You burn the orc wizard.
You kill the orc wizard!
The hippogriff completely misses you.
The hippogriff pecks you but does no damage.
The hippogriff claws you but does no damage.
Something bites you but does no damage. The hippogriff barely misses you.
The hippogriff pecks you but does no damage.
The hippogriff misses you. Something bites you.
You take 1 damage, and have 28/76 hp.
Spoiler Alert: The hippogriff can hit for high damage in melee!
You closely miss something. Something bites you but does no damage.
The hippogriff bites you but does no damage.
The hippogriff pecks you but does no damage.
The hippogriff claws you but does no damage.
Something bites you.
You take 5 damage, and have 23/76 hp.
Spoiler Alert: The hippogriff can hit for high damage in melee!
You hit the hippogriff. You freeze the hippogriff. You bite the hippogriff.
The hippogriff is moderately wounded.
The hippogriff bites you.
* * * LOW HITPOINT WARNING * * *
The hippogriff pecks you.
* * * LOW HITPOINT WARNING * * *
The hippogriff closely misses you. Something bites you but does no damage.
The hippogriff bites you but does no damage.
The hippogriff pecks you but does no damage.
The hippogriff claws you but does no damage.
Something bites you.
* * * LOW HITPOINT WARNING * * *
You take 7 damage, and have 16/76 hp.
Spoiler Alert: The hippogriff can hit for high damage in melee!
Unknown command.
Unknown command.
You feel much better. Something bites you but does no damage.
The hippogriff bites you! The hippogriff pecks you. The hippogriff claws you.
* * * LOW HITPOINT WARNING * * *
Something bites you!
* * * LOW HITPOINT WARNING * * *
You take 2 damage, and have 14/76 hp.
Spoiler Alert: The hippogriff can hit for high damage in melee!
Okay, then.
Unknown command.
You feel much better.
The hippogriff bites you but does no damage.
The hippogriff pecks you but does no damage.
The hippogriff claws you. The hippogriff closely misses you. x2
The hippogriff claws you but does no damage.
You hear a howl!
You regained 22 hp, and now have 36/76 hp.
Spoiler Alert: The hippogriff can hit for high damage in melee!
Things that are here:
11 gold pieces; a +0 dagger; a +0 robe Something bites you but does no damage.
The hippogriff bites you but does no damage.
The hippogriff pecks you but does no damage.
The hippogriff claws you but does no damage.
Spoiler Alert: The hippogriff can hit for high damage in melee!
Something bites you but does no damage. Something bites you but does no damage.
You hit something.
Nothing appears to happen.
Something bites you! x2
* * * LOW HITPOINT WARNING * * *
You take 24 damage, and have 14/76 hp.
MASSIVE DAMAGE!!
Evoke which item? (* to show all) (? for menu, Esc to quit)
Aiming: Corrosive Bolt
Press: ? - help, Shift-Dir - straight line The bolt of acid hits the hippogriff!
The hippogriff is splashed with acid.
The hippogriff is heavily wounded.
Something bites you!
* * * LOW HITPOINT WARNING * * *
Something completely misses you.
You take 12 damage, and have 2/76 hp.
Spoiler Alert: The hippogriff can hit for high damage in melee!
Evoke which item? (* to show all) (? for menu, Esc to quit)
Aiming: Corrosive Bolt
Press: ? - help, Shift-Dir - straight line The bolt of acid hits the hippogriff!
The hippogriff is splashed with acid.
The hippogriff is almost dead.
Something bites you.
You die...
Your body crumbles into a pile of gold.

..........### ###...# #..#
...<........###....## ##.##
..............##...# #..#
..................## #####..##
...................### #.#.....##
............).[......####........
............[>........#....####..
............)$.#.........### ###
...............#@###.....# #
..............H{.#.......#
...........#.......#.....###
...........#.##..#...#.....##
..........................#.#
..........................###
...........................###
.....).............#.........#
.....))....)....))[.........## #


You could see a hippogriff.

Vanquished Creatures
  A two-headed ogre (D:7)
  A slime creature (D:7)
  2 dream sheep (D:8)
  A human (D:8)
  2 yaks (D:8)
  Duvessa (D:7)
  A water moccasin (D:7)
  2 sky beasts
  2 phantoms
  2 orc warriors
  An ice beast (D:4)
  3 ogres
  3 centaurs
  9 big kobolds
  5 bullfrogs
  4 scorpions
  Dowan (D:7)
  A water moccasin skeleton (D:7)
  6 killer bees (D:8)
  6 wights
  5 howler monkeys (D:7)
  3 jellies (D:7)
  5 crimson imps
  A quasit (D:4)
  3 hounds
  2 bullfrog skeletons
  5 orc priests
  Crazy Yiuf (D:3)
  3 iguanas
  8 orc wizards
  6 worker ants
  2 howler monkey zombies
  Robin (D:2)
  11 gnolls
  17 adders
  4 river rats
  12 oozes
  4 worms
  5 dart slugs
  4 leopard geckos
  28 orcs
  5 ball pythons
  8 giant cockroaches
  15 goblins
  4 hobgoblins
  A jackal (D:1)
  5 quokkas
  12 bats
  2 frilled lizards
  16 kobolds
  7 rats
259 creatures vanquished.

Vanquished Creatures (others)
  A worker ant (D:6)
  11 fungi (D:7)
  6 toadstools (D:7)
18 creatures vanquished.

Grand Total: 277 creatures vanquished

Notes
Turn   | Place    | Note
-------+----------+-------------------------------------------
     0 | D:1      | Mgcat the Gnoll Transmuter began the quest for the Orb.
     0 | D:1      | Reached XP level 1. HP: 17/17 MP: 6/6
    64 | D:1      | Reached XP level 2. HP: 23/23 MP: 7/7
    68 | D:1      | Learned a level 2 spell: Sticks to Snakes
   568 | D:1      | Reached XP level 3. HP: 26/28 MP: 7/9
   583 | D:1      | Reached skill level 5 in Spellcasting
   701 | D:1      | Learned a level 3 spell: Spider Form
   998 | D:2      | Reached skill level 1 in Invocations
  1169 | D:2      | Reached skill level 1 in Short Blades
  1169 | D:2      | Reached skill level 1 in Long Blades
  1169 | D:2      | Reached skill level 1 in Axes
  1169 | D:2      | Reached skill level 1 in Maces & Flails
  1169 | D:2      | Reached skill level 1 in Polearms
  1169 | D:2      | Reached skill level 1 in Staves
  1169 | D:2      | Reached skill level 1 in Slings
  1169 | D:2      | Reached skill level 1 in Bows
  1169 | D:2      | Reached skill level 1 in Crossbows
  1169 | D:2      | Reached skill level 1 in Throwing
  1169 | D:2      | Reached skill level 1 in Armour
  1169 | D:2      | Reached skill level 1 in Stealth
  1169 | D:2      | Reached skill level 1 in Shields
  1169 | D:2      | Reached skill level 1 in Evocations
  1632 | D:2      | Reached XP level 4. HP: 34/34 MP: 7/11
  1665 | D:2      | Learned a level 4 spell: Ice Form
  1682 | D:2      | Noticed Robin
  1694 | D:2      | Killed Robin
  1718 | D:2      | Reached skill level 1 in Conjurations
  1718 | D:2      | Reached skill level 1 in Hexes
  1718 | D:2      | Reached skill level 1 in Charms
  1718 | D:2      | Reached skill level 1 in Summonings
  1718 | D:2      | Reached skill level 1 in Necromancy
  1718 | D:2      | Reached skill level 1 in Translocations
  1718 | D:2      | Reached skill level 1 in Fire Magic
  1718 | D:2      | Reached skill level 1 in Ice Magic
  1718 | D:2      | Reached skill level 1 in Air Magic
  1718 | D:2      | Reached skill level 1 in Earth Magic
  1718 | D:2      | Reached skill level 1 in Poison Magic
  2344 | D:2      | Reached XP level 5. HP: 37/40 MP: 2/12
  2424 | D:3      | HP: 7/40 [orc/+0 short sword (7)]
  2728 | D:3      | Found a transporter.
  2736 | D:3      | Noticed BryzzWind's ghost (amateur DrTm)
  2737 | D:3      | Noticed a two-headed ogre
  3048 | D:3      | Found a runed translucent door.
  3049 | D:3      | Noticed Crazy Yiuf
  3321 | D:3      | Found a transporter.
  3420 | D:3      | Found a sparkling altar of Nemelex Xobeh.
  3931 | D:3      | Killed Crazy Yiuf
  3931 | D:3      | Reached skill level 3 in Fighting
  3931 | D:3      | Reached skill level 4 in Transmutations
  4062 | D:4      | Reached skill level 2 in Invocations
  4062 | D:4      | Reached XP level 6. HP: 47/47 MP: 9/13
  4096 | D:4      | Found a glowing drain.
  4104 | D:4      | Reached skill level 5 in Dodging
  4158 | Sewer    | Entered a sewer
  4310 | Sewer    | Reached skill level 2 in Short Blades
  4310 | Sewer    | Reached skill level 2 in Long Blades
  4310 | Sewer    | Reached skill level 2 in Axes
  4310 | Sewer    | Reached skill level 2 in Maces & Flails
  4310 | Sewer    | Reached skill level 2 in Polearms
  4310 | Sewer    | Reached skill level 2 in Staves
  4310 | Sewer    | Reached skill level 2 in Slings
  4310 | Sewer    | Reached skill level 2 in Bows
  4310 | Sewer    | Reached skill level 2 in Crossbows
  4310 | Sewer    | Reached skill level 2 in Throwing
  4310 | Sewer    | Reached skill level 2 in Armour
  4310 | Sewer    | Reached skill level 2 in Stealth
  4310 | Sewer    | Reached skill level 2 in Shields
  4310 | Sewer    | Reached skill level 2 in Evocations
  4445 | Sewer    | Reached XP level 7. HP: 38/52 MP: 12/15
  4454 | Sewer    | Reached skill level 7 in Unarmed Combat
  4757 | Sewer    | Reached skill level 2 in Conjurations
  4757 | Sewer    | Reached skill level 2 in Hexes
  4757 | Sewer    | Reached skill level 2 in Charms
  4757 | Sewer    | Reached skill level 2 in Summonings
  4757 | Sewer    | Reached skill level 2 in Necromancy
  4757 | Sewer    | Reached skill level 2 in Translocations
  4757 | Sewer    | Reached skill level 2 in Fire Magic
  4757 | Sewer    | Reached skill level 2 in Ice Magic
  4757 | Sewer    | Reached skill level 2 in Air Magic
  4757 | Sewer    | Reached skill level 2 in Earth Magic
  4757 | Sewer    | Reached skill level 2 in Poison Magic
  4981 | Sewer    | Reached skill level 3 in Invocations
  5054 | D:4      | Reached XP level 8. HP: 59/60 MP: 12/16
  5225 | D:4      | Found a large runed translucent door.
  5231 | D:4      | Found a large runed translucent door.
  5234 | D:4      | Noticed psellion's ghost (novice TrHu)
  5253 | D:4      | Reached skill level 4 in Fighting
  5258 | D:4      | Reached skill level 3 in Short Blades
  5258 | D:4      | Reached skill level 3 in Long Blades
  5258 | D:4      | Reached skill level 3 in Axes
  5258 | D:4      | Reached skill level 3 in Maces & Flails
  5258 | D:4      | Reached skill level 3 in Polearms
  5258 | D:4      | Reached skill level 3 in Staves
  5258 | D:4      | Reached skill level 3 in Slings
  5258 | D:4      | Reached skill level 3 in Bows
  5258 | D:4      | Reached skill level 3 in Crossbows
  5258 | D:4      | Reached skill level 3 in Throwing
  5258 | D:4      | Reached skill level 3 in Armour
  5258 | D:4      | Reached skill level 3 in Stealth
  5258 | D:4      | Reached skill level 3 in Shields
  5258 | D:4      | Reached skill level 3 in Evocations
  5317 | D:4      | Found a radiant altar of Vehumet.
  5317 | D:4      | Found an opulent altar of Gozag.
  5531 | D:4      | Reached skill level 6 in Spellcasting
  5742 | D:4      | Upgraded the game from 0.25-a0-96-g4073cf80fb to
                  | 0.25-a0-167-g836c352ace
  5742 | D:4      | Upgraded the game from 0.25-a0-167-g836c352ace to
                  | 0.25-a0-404-gc1b5a34292
  5754 | D:4      | Became a worshipper of Gozag Ym Sagoz the Greedy
  5771 | D:5      | Entered Level 5 of the Dungeon
  6284 | D:5      | Found Qiesh's Antique Weapon Shop.
  6348 | D:5      | Reached skill level 4 in Invocations
  6399 | D:5      | Reached skill level 3 in Conjurations
  6399 | D:5      | Reached skill level 3 in Hexes
  6399 | D:5      | Reached skill level 3 in Charms
  6399 | D:5      | Reached skill level 3 in Summonings
  6399 | D:5      | Reached skill level 3 in Necromancy
  6399 | D:5      | Reached skill level 3 in Translocations
  6399 | D:5      | Reached skill level 3 in Fire Magic
  6399 | D:5      | Reached skill level 3 in Ice Magic
  6399 | D:5      | Reached skill level 3 in Air Magic
  6399 | D:5      | Reached skill level 3 in Earth Magic
  6399 | D:5      | Reached skill level 3 in Poison Magic
  6399 | D:5      | Reached XP level 9. HP: 57/66 MP: 18/18
  6465 | D:5      | Reached skill level 6 in Dodging
  6468 | D:5      | Found a glowing golden altar of the Shining One.
  6691 | D:5      | Found a staircase to the Ecumenical Temple.
  6809 | D:5      | Reached skill level 5 in Transmutations
  6951 | D:6      | Reached skill level 4 in Short Blades
  6951 | D:6      | Reached skill level 4 in Long Blades
  6951 | D:6      | Reached skill level 4 in Axes
  6951 | D:6      | Reached skill level 4 in Maces & Flails
  6951 | D:6      | Reached skill level 4 in Polearms
  6951 | D:6      | Reached skill level 4 in Staves
  6951 | D:6      | Reached skill level 4 in Slings
  6951 | D:6      | Reached skill level 4 in Bows
  6951 | D:6      | Reached skill level 4 in Crossbows
  6951 | D:6      | Reached skill level 4 in Throwing
  6951 | D:6      | Reached skill level 4 in Armour
  6951 | D:6      | Reached skill level 4 in Stealth
  6951 | D:6      | Reached skill level 4 in Shields
  6951 | D:6      | Reached skill level 4 in Evocations
  7076 | D:6      | Found a bloodstained altar of Trog.
  7391 | D:6      | Reached skill level 5 in Fighting
  7798 | D:7      | Noticed Dowan
  7799 | D:7      | Reached skill level 8 in Unarmed Combat
  7800 | D:7      | Noticed Duvessa
  7806 | D:7      | Killed Dowan
  7808 | D:7      | Killed Duvessa
  7826 | D:7      | Reached skill level 5 in Invocations
  8224 | D:7      | Found Orphaq's Gadget Shoppe.
  8232 | D:7      | Bought a wand of iceblast (10) for 168 gold pieces
  8232 | D:7      | Bought a box of beasts for 240 gold pieces
  8232 | D:7      | Bought a wand of polymorph (5) for 84 gold pieces
  8298 | D:7      | Reached XP level 10. HP: 66/74 MP: 20/20
  8407 | D:7      | Reached skill level 7 in Spellcasting
  8410 | D:7      | Reached skill level 4 in Conjurations
  8410 | D:7      | Reached skill level 4 in Hexes
  8410 | D:7      | Reached skill level 4 in Charms
  8410 | D:7      | Reached skill level 4 in Summonings
  8410 | D:7      | Reached skill level 4 in Necromancy
  8410 | D:7      | Reached skill level 4 in Translocations
  8410 | D:7      | Reached skill level 4 in Fire Magic
  8410 | D:7      | Reached skill level 4 in Ice Magic
  8410 | D:7      | Reached skill level 4 in Air Magic
  8410 | D:7      | Reached skill level 4 in Earth Magic
  8410 | D:7      | Reached skill level 4 in Poison Magic
  8591 | D:8      | Noticed a two-headed ogre
  8615 | D:7      | Killed a two-headed ogre
  8615 | D:7      | Reached skill level 5 in Short Blades
  8615 | D:7      | Reached skill level 5 in Long Blades
  8615 | D:7      | Reached skill level 5 in Axes
  8615 | D:7      | Reached skill level 5 in Maces & Flails
  8615 | D:7      | Reached skill level 5 in Polearms
  8615 | D:7      | Reached skill level 5 in Staves
  8615 | D:7      | Reached skill level 5 in Slings
  8615 | D:7      | Reached skill level 5 in Bows
  8615 | D:7      | Reached skill level 5 in Crossbows
  8615 | D:7      | Reached skill level 5 in Throwing
  8615 | D:7      | Reached skill level 5 in Armour
  8615 | D:7      | Reached skill level 5 in Stealth
  8615 | D:7      | Reached skill level 5 in Shields
  8615 | D:7      | Reached skill level 5 in Evocations
  8616 | D:7      | Reached skill level 7 in Dodging
  9076 | D:8      | Reached skill level 6 in Fighting
  9146 | D:8      | Found a burning altar of Makhleb.
  9868 | D:8      | Reached skill level 6 in Transmutations
  9868 | D:8      | Reached skill level 6 in Invocations
 10501 | D:8      | HP: 8/76 [hippogriff (12)]
 10506 | D:8      | HP: 14/76 [something (8)]
 10512 | D:8      | HP: 14/76 [something (10)]
 10513 | D:8      | HP: 2/76 [something (12)]
 10514 | D:8      | Slain by a warg

Levels and vault maps discovered:
D:1:      eino_arrival_water_cross, layout_loops_corners, minmay_split_cup_large
D:2:      layout_loops_ring, uniq_robin
D:3:      layout_loops_corners, lemuel_coloured_pillars_altar,
          gammafunk_ghost_arena, uniq_crazy_yiuf_cottage
D:4:      layout_rooms, grunt_temple_overflow_open, portal_sewer_entry_b,
          ebering_ghost_disaster_area, first_ration
D:5:      layout_cave_pools, minmay_temple_entry_fiery, serial_shops, shop,
          tso_metal_star
D:6:      layout_layer_cave, bloody_trog
D:7:      cheibrodos_fertilizer, layout_basic, serial_shops, shop, uniq_duvessa
D:8:      layout_layer_cave, kennysheep_little_box, hangedman_ranch
          [blue_anna_fruit_fields]
D:9:      layout_irregular_city, erik_orc_4

Skill      XL: |  1  2  3  4  5  6  7  8  9 10 |
---------------+-------------------------------+-----
Spellcasting   | 5 6 7 |  7.6
Invocations    | 1 2 3 4 5 6 |  6.2
Short Blades   | 1 2 3 4 5 |  5.6
Long Blades    | 1 2 3 4 5 |  5.6
Axes           | 1 2 3 4 5 |  5.6
Maces & Flails | 1 2 3 4 5 |  5.6
Polearms       | 1 2 3 4 5 |  5.6
Staves         | 1 2 3 4 5 |  5.6
Slings         | 1 2 3 4 5 |  5.6
Bows           | 1 2 3 4 5 |  5.6
Crossbows      | 1 2 3 4 5 |  5.6
Throwing       | 1 2 3 4 5 |  5.6
Armour         | 1 2 3 4 5 |  5.6
Stealth        | 1 2 3 4 5 |  5.6
Shields        | 1 2 3 4 5 |  5.6
Evocations     | 1 2 3 4 5 |  5.6
Conjurations   | 1 2 3 4 |  4.7
Hexes          | 1 2 3 4 |  4.7
Charms         | 1 2 3 4 |  4.7
Summonings     | 1 2 3 4 |  4.7
Necromancy     | 1 2 3 4 |  4.7
Translocations | 1 2 3 4 |  4.7
Fire Magic     | 1 2 3 4 |  4.7
Ice Magic      | 1 2 3 4 |  4.7
Air Magic      | 1 2 3 4 |  4.7
Earth Magic    | 1 2 3 4 |  4.7
Poison Magic   | 1 2 3 4 |  4.7
Fighting       | 3 4 5 6 |  6.3
Transmutations | 4 5 6 |  6.1
Dodging        | 5 6 7 |  7.4
Unarmed Combat | 7 8 |  8.8

Action                   |  1- 3 |  4- 6 |  7- 9 | 10-12 || total
-------------------------+-------+-------+-------+-------++-------
Melee: Unarmed           |    91 |   103 |    39 |       ||   233
       Bite              |     6 |     6 |    39 |    18 ||    69
       Headbutt          |     2 |       |       |       ||     2
       Punch             |     1 |       |       |       ||     1
       Kick              |     6 |       |       |       ||     6
       Hand axe          |       |    29 |       |       ||    29
       Quarterstaff      |       |    23 |   316 |   202 ||   541
Throw: Javelin           |       |       |     5 |     2 ||     7
 Cast: Beastly Appendage |     8 |     1 |       |       ||     9
       Spider Form       |     2 |    12 |     3 |       ||    17
       Sticks to Snakes  |       |       |     2 |       ||     2
Evoke: Wand              |       |       |     3 |     3 ||     6
  Use: Scroll            |       |     6 |    13 |     3 ||    22
       Potion            |       |       |       |     4 ||     4
 Stab: Sleeping          |     3 |     2 |       |       ||     5
       Distracted        |       |       |     2 |     3 ||     5
       Paralysed         |       |       |     4 |     1 ||     5
  Eat: Chunk             |     2 |     4 |     1 |       ||     7
       Ration            |       |     2 |     3 |     3 ||     8
Armor: Robe              |     7 |       |       |       ||     7
       Leather armour    |    14 |    19 |    41 |       ||    74
       Skin              |       |    10 |       |       ||    10
       Scale mail        |       |       |     6 |       ||     6
       Plate armour      |       |       |    57 |   184 ||   241
       Chain mail        |       |       |    38 |       ||    38
Dodge: Dodged            |    71 |   147 |   247 |   127 ||   592

Table legend:
 A = Non-vault XP
 B = Vault XP
 C = Vault XP percentage of total XP
 D = Non-vault monster count
 E = Vault monster count
 F = Vault count percentage of total count
                 A         B        C        D         E       F
            +---------+---------+-------+---------+---------+-------
      Total |    6117 |    3044 |  33.2 |     173 |      87 |  33.5
            +---------+---------+-------+---------+---------+-------
        D:1 |      47 |       6 |  11.3 |      25 |       4 |  13.8
        D:2 |      90 |      37 |  29.1 |      12 |      13 |  52.0
        D:3 |      29 |      39 |  57.4 |      12 |       1 |   7.7
        D:4 |    1006 |      36 |   3.5 |      32 |       7 |  17.9
        D:5 |     554 |       0 |   0.0 |      14 |       0 |   0.0
        D:6 |     870 |       0 |   0.0 |      28 |       0 |   0.0
        D:7 |    2221 |     754 |  25.3 |      25 |      18 |  41.9
        D:8 |    1210 |    1383 |  53.3 |      24 |      13 |  35.1
        D:9 |      90 |      46 |  33.8 |       1 |       3 |  75.0
      Sewer |       0 |     743 | 100.0 |       0 |      28 | 100.0
            +---------+---------+-------+---------+---------+-------

Levels and vault maps discovered:
D:1:      eino_arrival_water_cross, layout_loops_corners, minmay_split_cup_large
D:2:      layout_loops_ring, uniq_robin
D:3:      layout_loops_corners, lemuel_coloured_pillars_altar,
          gammafunk_ghost_arena, uniq_crazy_yiuf_cottage
D:4:      layout_rooms, grunt_temple_overflow_open, portal_sewer_entry_b,
          ebering_ghost_disaster_area, first_ration
D:5:      layout_cave_pools, minmay_temple_entry_fiery, serial_shops, shop,
          tso_metal_star
D:6:      layout_layer_cave, bloody_trog
D:7:      cheibrodos_fertilizer, layout_basic, serial_shops, shop, uniq_duvessa
D:8:      layout_layer_cave, kennysheep_little_box, hangedman_ranch
          [blue_anna_fruit_fields]
D:9:      layout_irregular_city, erik_orc_4

Table legend:
 A = Turns spent in this place as a percentage of turns spent in the entire game.
 B = Non-inter-level travel turns spent in this place as a percentage of non-inter-level travel turns spent in the entire game.
 C = Inter-level travel turns spent in this place as a percentage of turns spent in this place.
 D = Turns resting spent in this place as a percentage of non-inter-level travel turns spent in this place.
 E = Turns spent auto-exploring this place as a percentage of non-inter-level travel turns spent in this place.
 F = Non-inter-level travel turns spent in this place divided by the number of levels of this place that you've seen.
                   A       B       C       D       E      F
               +-------+-------+-------+-------+-------+----------------------
         Total | 100.0 | 100.0 |   3.1 |  28.3 |  52.5 | 1018.6
       Dungeon |  91.6 |  91.4 |   3.4 |  27.9 |  53.5 | 1034.1
         Sewer |   8.4 |   8.6 |   0.0 |  33.6 |  41.9 | 879.0
               +-------+-------+-------+-------+-------+----------------------

Table legend:
 A = Kills in this place as a percentage of kills in entire the game.
 B = Kills by you in this place as a percentage of kills by you in the entire game.
 C = Kills by friends in this place as a percentage of kills by friends in the entire game.
 D = Other kills in this place as a percentage of other kills in the entire game.
 E = Experience gained in this place as a percentage of experience gained in the entire game.
 F = Experience gained in this place divided by the number of levels of this place that you have seen.
                   A       B       C       D       E      F
               +-------+-------+-------+-------+-------+----------------------
         Total | 100.0 | 100.0 |   N/A | 100.0 | 100.0 | 916.1
       Dungeon |  89.2 |  89.2 |   N/A | 100.0 |  91.9 | 935.3
         Sewer |  10.8 |  10.8 |   N/A |   0.0 |   8.1 | 743.0
               +-------+-------+-------+-------+-------+----------------------
